 Dungeon Crawl Stone Soup version 0.28.0-53-g5a82cb258f (webtiles) character file.

Game seed: 17802447088872543804

10 Kranky the Charlatan (level 2, -1/20 HPs)
             Began as a Gnoll Wanderer on June 24, 2022.
             Slain by a quokka (2 damage)
             ... on level 1 of the Dungeon.
             The game lasted 00:01:58 (1225 turns).

Kranky the Charlatan (Gnoll Wanderer)               Turns: 1225, Time: 00:01:59

Health: -1/20      AC:  3    Str:  9    XL:     2   Next: 20%
Magic:  5/5        EV: 11    Int: 12    God:
Gold:   24         SH:  0    Dex: 12    Spells: 6/6 levels left

rFire   . . .      SeeInvis .   a - +0 dagger
rCold   . . .      Faith    .   (no shield)
rNeg    . . .      Spirit   .   c - +0 robe
rPois   .          Reflect  .   (no helmet)
rElec   .          Harm     .   f - +0 cloak
rCorr   .          Rampage  .   (no gloves)
Will    .....                   (no boots)
Stlth   +.........              (no amulet)
HPRegen 0.06/turn               (no ring)
MPRegen 0.09/turn               (no ring)

@: no status effects
A: fangs 1, strong nose, distributed training
a: no special abilities


You were on level 1 of the Dungeon.
You visited 1 branch of the dungeon, and saw 1 of its levels.

You collected 24 gold pieces.

Inventory:

Hand Weapons
 a - a +0 dagger (weapon)
Missiles
 b - 8 poisoned darts (quivered)
Armour
 c - a +0 robe (worn)
 f - a +0 cloak (worn)
Scrolls
 e - a scroll of enchant weapon {unknown}
Potions
 d - a potion of lignification {unknown}


   Skills:
 + Level 0.3 Fighting
 + Level 0.3 Short Blades
 + Level 0.3 Long Blades
 + Level 0.3 Axes
 + Level 0.3 Maces & Flails
 + Level 0.3 Polearms
 + Level 0.3 Staves
 + Level 0.3 Slings
 + Level 0.3 Bows
 + Level 0.3 Crossbows
 + Level 4.4 Throwing
 + Level 2.4 Armour
 + Level 0.3 Dodging
 + Level 0.3 Stealth
 + Level 0.3 Shields
 + Level 0.3 Unarmed Combat
 + Level 2.7 Spellcasting
 + Level 0.2 Conjurations
 + Level 0.2 Hexes
 + Level 0.2 Summonings
 + Level 3.7 Necromancy
 + Level 0.2 Translocations
 + Level 0.2 Transmutations
 + Level 0.2 Fire Magic
 + Level 0.2 Ice Magic
 + Level 0.2 Air Magic
 + Level 0.2 Earth Magic
 + Level 3.7 Poison Magic
 + Level 0.4 Invocations
 + Level 4.4 Evocations


You had 6 spell levels left.
You didn't know any spells.
Your spell library contained the following spells:

 Spells                   Type           Power      Damage    Failure   Level
 Animate Skeleton         Necr           20%        N/A       5%          1
 Sting                    Tmut/Pois      24%        1d4       12%         1
 Vampiric Draining        Necr           10%        2d6       17%         3
 Mephitic Cloud           Conj/Pois/Air  4%         N/A       41%         3
 Olgreb's Toxic Radiance  Pois           10%        N/A       50%         4


Dungeon Overview and Level Annotations

Branches:
Dungeon (1/15)

Altars:


Innate Abilities, Weirdness & Mutations

You have very sharp teeth.
Your uncanny sense of smell can sniff out nearby items.
Your experience applies equally to all skills.


Message History

* * * LOW HITPOINT WARNING * * *
The jackal bites you but does no damage.
The jackal bites you.
* * * LOW HITPOINT WARNING * * *
Really walk into that teleport trap?
You enter a teleport trap!
The teleport trap disappears.
Your surroundings suddenly seem different.
A rat and 2 hobgoblins come into view.
Found a murky puce potion.
A kobold comes into view. It is wielding a +0 short sword.
The hobgoblin shouts!
A quokka comes into view.
The quokka bites you but does no damage.
The quokka bites you but does no damage.
The quokka barely misses you.
The quokka bites you but does no damage.
The hobgoblin hits you.
* * * LOW HITPOINT WARNING * * *
Found a whip.
Found 2 gold pieces.
The hobgoblin hits you but does no damage.
The quokka closely misses you. The quokka closely misses you.
The quokka bites you but does no damage.
A kobold comes into view. It is wielding a +2 whip of venom.
The kobold shouts!
Found a scroll labelled KOIKIS HEODGH.
The kobold shouts!
The hobgoblin misses you.
You see here 2 gold pieces.
The quokka closely misses you.
The quokka bites you but does no damage.
The quokka bites you.
* * * LOW HITPOINT WARNING * * *
As you open the door, it creaks loudly!
A bat, 2 jackals and a ball python come into view.
The jackal barks!
You hear an angry hiss.
You hear a bark! x2
A ball python comes into view.
The quokka bites you.
You die...

. ∆ .### ...
..# #####.#
.....#
#..#####
#@rg.g.#
SSh...'.####r#
...b..### #.#
...h.. #g#
..... #g#
..... #r# ....
#.# .... #K#
#$###########


You could see a quokka, 2 jackals, 2 hobgoblins, a bat, 2 ball pythons and a
rat.

Vanquished Creatures
  2 dart slugs (D:1)
  2 ball pythons (D:1)
  An endoplasm (D:1)
  A goblin (D:1)
6 creatures vanquished.

Notes
Turn   | Place    | Note
-------+----------+-------------------------------------------
     0 | D:1      | Kranky the Gnoll Wanderer began the quest for the Orb.
     0 | D:1      | Kranky set off with the following items: a +0 dagger, 8
                  | poisoned darts, a +0 robe; and the following spells
                  | available to memorise: Animate Skeleton, Sting, Vampiric
                  | Draining, Mephitic Cloud, Olgreb's Toxic Radiance
     0 | D:1      | Reached XP level 1. HP: 13/13 MP: 4/4
   706 | D:1      | Reached XP level 2. HP: 6/20 MP: 5/5
  1171 | D:1      | HP: 1/20 [jackal (3)]
  1185 | D:1      | HP: 1/20 [hobgoblin (1)]
  1222 | D:1      | HP: 1/20 [quokka (2)]
  1225 | D:1      | Slain by a quokka

Illustrated notes

Levels and vault maps discovered:
D:1:      scummos_arrival_forest, layout_basic, minmay_misc_feat_secret_circle,
          minmay_nonomino_d4

Action                   || total
-------------------------++-------
Melee: Dagger            ||    48
       Bite              ||     7
       Punch             ||     2
Armor: Robe              ||    20
Dodge: Dodged            ||    43
